Map: Ascension to Aiur LE

Players

Silky

  • Race: Zerg Zerg
  • Spawn Location: 5:00

Jig - Winner!

  • Race: Zerg Zerg
  • Spawn Location: 11:00

Event: WCS Montreal 2017

VOD

Have the link to the VOD?

Description

Time

  • Played on: Sept. 8, 2017, 12:54 p.m.
  • Length: 4:09

All games in this series

Show
View Real Time Build Order
Export as new Build Order

Silky Zerg 

Build Orders: Hatch First 

Get SALT Encoding   

  12  0:00  Drone  
  13  0:12  Overlord  
  13  0:16  Drone  
  14  0:31  Drone x2  
  14  0:34  Drone  
  17  0:52  Hatchery  
  17  0:55  Drone  
  17  0:58  Drone  
  18  1:08  Extractor  
  17  1:13  Spawning Pool  
  17  1:17  Drone  
  17  1:20  Drone  
  18  1:28  Drone  
  19  1:39  Overlord  
  19  2:00  Queen  
  22  2:01  Zergling x4  
  22  2:03  Queen  
  22  2:04  Zergling x2  
  26  2:08  Metabolic Boost  
  26  2:11  Drone  
  26  2:14  Drone  
  28  2:21  Drone  
  29  2:26  Drone  
  30  2:32  Drone  
  31  2:40  Hatchery  
  30  2:48  Baneling Nest  
  29  2:51  Zergling x2  
  29  2:52  Zergling x2  
  29  2:55  Zergling x2  
  32  2:58  Zergling x2  
  32  2:59  Zergling x2  
  34  3:07  Spine Crawler  
  34  3:10  Zergling x4  
  34  3:17  Zergling x2  
  35  3:25  Overlord  
  35  3:26  Zergling x4  
  31  3:40  Zergling x6  
  31  3:41  Zergling x2  
  32  3:42  Baneling x2  
  32  3:48  Zergling x2  
  29  3:50  Zergling x2  
Show
View Real Time Build Order
Export as new Build Order

Jig Zerg - Winner!

Build Orders: Hatch First 

Get SALT Encoding   

  12  0:00  Drone  
  13  0:14  Overlord  
  13  0:18  Drone  
  14  0:33  Drone x2  
  16  0:36  Drone  
  17  0:51  Hatchery  
  17  0:55  Extractor  
  15  1:07  Spawning Pool  
  15  1:09  Drone  
  15  1:13  Drone  
  16  1:40  Overlord  
  16  1:54  Queen  
  16  1:56  Metabolic Boost  
  16  1:59  Zergling x6  
  21  2:04  Queen  
  23  2:08  Zergling x2  
  23  2:14  Zergling x4  
  26  2:27  Zergling x4  
  28  2:33  Overlord  
  28  2:36  Zergling x2  
  29  2:46  Zergling x2  
  30  2:51  Zergling x2  
  30  2:56  Zergling x2  
  32  3:00  Zergling x2  
  32  3:05  Zergling x6  
  36  3:12  Overlord  
  36  3:13  Zergling x8  
  36  3:18  Zergling x2  
  41  3:30  Drone x2  
  39  3:35  Drone  
  39  3:41  Drone x3  
  42  3:46  Drone  
  42  3:47  Drone  
  41  3:54  Drone  
Tags
 
Add a new tag
Caveats
  • Supply blocks, unpowered buildings, or Contaminate may cause inaccurate times.
  • Supply counts are checked every 10 seconds.